 Dungeon Crawl Stone Soup version 0.25-a0-565-g8875c97ebb (webtiles) character file.

Game seed: 7346976992262735484, levelgen mode: deterministic

81395 Flugslaktarn the Severer (level 15, -3/141 HPs)
             Began as a Deep Dwarf Fighter on Feb 26, 2020.
             Was the Champion of Makhleb.
             Slain by a naga warrior
             ... wielding a +0 halberd
              (24 damage)
             ... on level 2 of the Snake Pit.
             The game lasted 00:12:58 (14333 turns).

Flugslaktarn the Severer (Deep Dwarf Fighter)      Turns: 14333, Time: 00:12:58

Health: -3/141     AC: 19    Str: 28    XL:     15   Next: 26%
Magic:  3/9        EV:  6    Int: 10    God:    Makhleb [******]
Gold:   1067       SH: 14    Dex: 12    Spells: 14/14 levels left

rFire    + . .     SeeInvis .   C - +6 broad axe (venom)
rCold    . . .     Gourm    .   N - +0 kite shield
rNeg     + . .     Faith    .   y - +1 chain mail {MR+}
rPois    +         Spirit   .   E - +2 helmet
rElec    .         Reflect  .   (no cloak)
rCorr    .         Harm     .   Q - +1 pair of gloves {Str+3}
MR       +++..                  (no boots)
Stlth    ..........             S - amulet of rage
HPRegen  0.00/turn              f - ring of protection from fire
MPRegen  0.11/turn              v - +1 ring of evasion

@: lethally poisoned (-3 -> -3), non-regenerating, constricted
A: damage resistance, heal wounds, negative energy resistance 1, sense
surroundings 2, poison resistance, no regeneration
a: Heal Wounds, Minor Destruction, Lesser Servant of Makhleb, Major Destruction,
Greater Servant of Makhleb, Renounce Religion, Evoke Berserk Rage


You were on level 2 of the Snake Pit.
You worshipped Makhleb.
Makhleb was exalted by your worship.
You were very hungry.

You visited 4 branches of the dungeon, and saw 22 of its levels.
You also visited: Gauntlet and Ice Cave.

You collected 1067 gold pieces.

Inventory:

Hand Weapons
 s - the +8 hand axe of Impeachment {freeze, rF+ MR+ MP-9 Stlth+}
   (You found it on level 5 of the Dungeon)

   It has been specially enchanted to freeze those struck by it, causing extra
   injury to most foes and up to half again as much damage against particularly
   susceptible opponents.
   It can also slow down cold-blooded creatures.
   It protects you from fire.
   It affects your resistance to hostile enchantments.
   It affects your magic capacity (-9).
   It makes you more stealthy.
 C - a +6 broad axe of venom (weapon)
   (You acquired it on level 2 of the Lair of Beasts)
 P - the +5 war axe "Lellist" {pain, +Blink MR+ Str-3 SInv}
   (You found it in a Gauntlet)

   In the hands of one skilled in necromantic magic, it inflicts extra damage on
   living creatures.
   It affects your strength (-3).
   It affects your resistance to hostile enchantments.
   It lets you see invisible.
   It lets you blink.
Missiles
 h - a throwing net (quivered)
Armour
 o - a +0 plate armour
   (You found it on level 5 of the Dungeon)
 y - a +1 chain mail of magic resistance (worn)
   (You found it on level 11 of the Dungeon)
 E - a +2 helmet (worn)
   (You found it on level 10 of the Dungeon)
 N - a +0 kite shield (worn)
 Q - a +1 pair of gloves of strength (worn)
   (You found it in a Gauntlet)
Jewellery
 c - an uncursed ring of protection from cold
   (You found it in an ice cave)
 f - a ring of protection from fire (left hand)
   (You found it on level 14 of the Dungeon)
 g - a +5 ring of intelligence {unknown}
   (You found it on level 1 of the Lair of Beasts)
 k - an uncursed ring of resist corrosion
   (You found it on level 10 of the Dungeon)
 v - a +1 ring of evasion (right hand)
   (You found it on level 11 of the Dungeon)
 F - an uncursed ring of protection from fire
   (You found it on level 10 of the Dungeon)
 S - an amulet of rage (around neck)
   (You found it on level 3 of the Lair of Beasts)
Wands
 x - a wand of acid (8)
   (You took it off Maurice on level 12 of the Dungeon)
 J - a wand of enslavement (10)
   (You found it on level 3 of the Lair of Beasts)
 K - a wand of iceblast (19)
   (You found it in an ice cave)
Scrolls
 a - 2 scrolls of magic mapping
 j - 6 scrolls of enchant weapon
 l - a scroll of summoning
 p - 2 scrolls of silence
 r - 3 scrolls of identify
 t - 3 scrolls of teleportation
 u - a scroll of enchant armour
 w - 13 scrolls of remove curse
 A - 3 scrolls of immolation
 M - a scroll of vulnerability
Potions
 b - 4 potions of flight
 d - 4 potions of might
 i - 2 potions of invisibility
 m - 6 potions of cancellation
 n - a potion of resistance
 q - 7 potions of curing
 z - 2 potions of lignification
 D - a potion of berserk rage {unknown}
 G - 2 potions of magic {unknown}
 H - 3 potions of heal wounds
 I - a potion of haste
 L - a potion of experience {unknown}
 O - 3 potions of stabbing {unknown}
 R - a potion of mutation
Comestibles
 e - 31 rations


   Skills:
 + Level 11.1 Fighting
 * Level 17.1 Axes
 + Level 12.9 Armour
 + Level 13.0 Shields
 + Level 11.9 Invocations


You had 14 spell levels left.
You didn't know any spells.
Your spell library was empty.

Dungeon Overview and Level Annotations

Branches:
Dungeon (15/15)            Temple (1/1) D:6            Lair (4/6) D:11
 Shoals (0/4) Lair:3        Snake (2/4) Lair:4          Orc (0/2) D:11
 Vaults (0/5) D:13         Depths (0/5) D:15          IceCv (visited)
Gauntlet (visited)

Altars:
Ashenzari
Cheibriados
Dithmenos
Elyvilon
Gozag
Hepliaklqana
Kikubaaqudgha
Makhleb
Nemelex Xobeh
Okawaru
Qazlal
Ru
Sif Muna
Trog
Uskayaw
Vehumet
Wu Jian
Xom
Yredelemnul
Zin
The Shining One
Lugonu

Shops:
D:9 *   D:11 (

Portals:
Trove: D:13 (give 4 potions of resistance)

Annotations:
D:11 exclusion: obsidian statue
Lair:3 2 transporters, Feuff's ghost, journeyman MiFi
Snake:2 Flugslaktarn's ghost, adept FoFi


Innate Abilities, Weirdness & Mutations

You are resistant to damage.
You can heal yourself by infusing magical energy.
You resist negative energy. (rN+)
You passively map the area around you.
You do not regenerate.
Your system is resistant to poisons. (rPois)


Message History

The naga sharpshooter is lightly wounded.
You slice the naga warrior!! You hit the naga but do no damage.
The naga hits you with a +0 dire flail.
The naga warrior hits you with a +0 halberd!
* * * LOW HITPOINT WARNING * * *
The naga warrior constricts you.
You completely miss the naga sharpshooter.
The naga sharpshooter is lightly wounded.
You closely miss the naga. You slash the naga warrior!
The naga sharpshooter spits poison at you.
You block the splash of poison. You block the naga's attack.
You slice the naga sharpshooter!!
The naga sharpshooter is heavily wounded.
You hit the naga warrior but do no damage.
You slash the naga!
You kill the naga!
Makhleb accepts your kill.
You feel better.
The naga sharpshooter shoots a bolt.
You block the bolt.
The naga warrior hits you with a +0 halberd!!
You die...

* , , , , *
..........#
,..........# .
..........# .# * ,
, ,
(.........##.#.* ,
...............
*,,,
,,,..,,..........<#
* * * * ...,
#.NN.....# *
#...*###)@..#..# *
#...##......#..###
*
#........(%.#....#
* *
#........)........
,
#.................
, ,
#....#......##.###
, ##.####.....# .#
, , * ##....# ,#
### * #...## ,#


You could see a naga warrior and a naga sharpshooter.

Vanquished Creatures
  A frost giant (IceCv)
  An ironheart preserver (D:13)
  A fire dragon (D:15)
  A yaktaur captain (D:15)
  A hydra (D:13)
  Harold (D:7)
  5 naga warriors
  3 centaur warriors
  An anaconda (Snake:1)
  A tengu warrior (Gauntlet)
  10 two-headed ogres
  2 death yaks (IceCv)
  A naga sharpshooter (Snake:1)
  A shock serpent (Snake:1)
  A salamander mystic (Snake:2)
  A sea snake (Snake:1)
  6 unseen horrors
  2 naga ritualists
  A wolf spider zombie (D:15)
  An orc knight (D:15)
  3 mana vipers
  4 ugly things (D:15)
  A manticore (D:12)
  A deep elf mage (D:12)
  5 cyclopes
  5 salamanders
  2 merfolk sirens (Lair:3)
  7 naga magi
  Joseph (D:9)
  An ice statue (IceCv)
  Maurice (D:12)
  Psyche (D:8)
  3 guardian serpents
  3 gargoyles
  4 spiny frogs
  11 black mambas
  Maggie (D:9)
  3 rime drakes
  5 komodo dragons
  2 tengu conjurers (Gauntlet)
  4 trolls
  3 meliai (D:15)
  5 hornets
  A queen bee (Gauntlet)
  2 merfolk (Lair:3)
  17 polar bears
  Prince Ribbit (D:8)
  A blink frog (Lair:3)
  6 hippogriffs
  2 centaur simulacra (Gauntlet)
  5 shadows
  A vampire (D:15)
  A wraith (D:15)
  8 spriggans (Lair:1)
  3 basilisks
  35 yaks
  2 vampire mosquitoes (D:15)
  A hungry ghost (D:9)
  9 nagas
  3 wargs (D:11)
  An acid dragon (D:15)
  6 water moccasins
  Duvessa (D:7)
  2 black bears
  11 orc warriors
  4 porcupines
  An ice dragon simulacrum (Gauntlet)
  6 sky beasts
  3 ice beasts
  11 ogres
  A necrophage (D:15)
  21 wolves
  9 centaurs
  6 crocodiles
  4 big kobolds
  A crocodile (shapeshifter) (D:15)
  14 bullfrogs
  A wyvern zombie (D:15)
  2 scorpions
  Dowan (D:7)
  29 killer bees
  7 wights
  An electric eel (Snake:1)
  8 howler monkeys
  7 crimson imps
  A quasit (D:5)
  3 centaur zombies
  A bullfrog zombie (D:9)
  5 centaur skeletons
  13 orc priests
  A bullfrog skeleton (D:11)
  6 hounds
  2 jellies (D:5)
  6 iguanas
  20 orc wizards
  15 worker ants
  A hound skeleton (D:7)
  A mummy (D:5)
  A worker ant zombie (D:8)
  9 adders
  A shadow imp (D:5)
  3 adder skeletons
  A dart slug (D:3)
  5 leopard geckos
  51 orcs
  2 giant cockroaches
  3 goblins
  2 hobgoblins (D:1)
  3 jackals (D:1)
  5 quokkas
  8 bats
  2 frilled lizards (D:5)
  A hobgoblin zombie (D:5)
  21 kobolds
  2 kobold zombies (D:5)
  An orc zombie (D:5)
  A quokka skeleton (D:8)
  2 rats (D:1)
  2 butterflies (D:8)
  A plant (Snake:1)
576 creatures vanquished.

Vanquished Creatures (collateral kills)
  A minotaur (Gauntlet)
  3 hydras
  An ogre mage (D:15)
  A troll (D:15)
  2 blink frogs (Lair:3)
  A hippogriff (D:15)
  An ogre (D:15)
  A bullfrog (D:15)
11 creatures vanquished.

Vanquished Creatures (others)
  12 demonic plants (Gauntlet)
  4 plants (Snake:1)
  5 toadstools (D:1)
  3 withered plants (Gauntlet)
24 creatures vanquished.

Grand Total: 611 creatures vanquished

Notes
Turn   | Place    | Note
-------+----------+-------------------------------------------
     0 | D:1      | Flugslaktarn the Deep Dwarf Fighter began the quest for the
                  | Orb.
     0 | D:1      | Reached XP level 1. HP: 20/20 MP: 1/1
   284 | D:1      | Reached XP level 2. HP: 25/27 MP: 2/2
   472 | D:2      | Found a hazy altar of Hepliaklqana.
   552 | D:3      | Reached skill level 3 in Axes
   552 | D:3      | Reached XP level 3. HP: 22/33 MP: 3/3
   584 | D:3      | Found a basalt altar of Yredelemnul.
   629 | D:4      | Reached XP level 4. HP: 25/42 MP: 4/4
   689 | D:4      | Reached skill level 4 in Axes
   689 | D:4      | Reached XP level 5. HP: 46/49 MP: 4/4
   955 | D:4      | Found an ornate altar of the Wu Jian Council.
   996 | D:4      | Found a glowing golden altar of the Shining One.
  1374 | D:5      | Entered Level 5 of the Dungeon
  1374 | D:5      | Noticed a centaur
  1382 | D:5      | Killed a centaur
  1382 | D:5      | Reached XP level 6. HP: 39/57 MP: 5/5
  1423 | D:5      | Reached skill level 5 in Axes
  1613 | D:5      | Found a bloodstained altar of Trog.
  1655 | D:5      | Reached XP level 7. HP: 44/64 MP: 6/6
  2033 | D:5      | Got a polished hand axe
  2034 | D:5      | Identified the +8 hand axe of Impeachment {freeze, rF+ MR+
                  | MP-9 Stlth+} (You found it on level 5 of the Dungeon)
  2044 | D:6      | Reached skill level 5 in Shields
  2160 | D:6      | Reached skill level 5 in Armour
  2226 | D:6      | Reached skill level 6 in Axes
  2483 | D:6      | Found a shattered altar of Ashenzari.
  2660 | D:6      | Found a staircase to the Ecumenical Temple.
  2771 | D:6      | Reached XP level 8. HP: 50/73 MP: 0/7
  2877 | Temple   | Entered the Ecumenical Temple
  3102 | D:6      | Noticed a +0 dagger
  3102 | D:6      | Noticed a +0 dagger
  3146 | D:6      | Found a hide-covered altar of Uskayaw.
  3190 | D:7      | Reached skill level 7 in Axes
  3263 | D:7      | Reached skill level 5 in Fighting
  3326 | D:7      | Noticed Dowan
  3330 | D:7      | Noticed Harold
  3333 | D:7      | Killed Dowan
  3338 | D:7      | Noticed Duvessa
  3355 | D:7      | Killed Harold
  3355 | D:7      | Reached skill level 8 in Axes
  3355 | D:7      | Gained mutation: You passively map the area around you.
                  | [Deep Dwarf growth]
  3355 | D:7      | Reached XP level 9. HP: 35/82 MP: 0/7
  3375 | D:7      | Killed Duvessa
  3375 | D:7      | Reached skill level 9 in Axes
  3736 | D:7      | Found a stormy altar of Qazlal.
  3785 | D:8      | Noticed Prince Ribbit
  3825 | D:8      | Noticed a two-headed ogre
  3827 | D:8      | HP: 4/84 [two-headed ogre/+0 dire flail (8)]
  3842 | D:8      | Killed a two-headed ogre
  3842 | D:8      | Reached skill level 10 in Axes
  3842 | D:8      | Reached XP level 10. HP: 37/92 MP: 0/6
  3856 | D:8      | Killed Prince Ribbit
  4062 | D:8      | Noticed a two-headed ogre
  4076 | D:8      | Killed a two-headed ogre
  4125 | D:8      | Noticed Psyche
  4131 | D:8      | Killed Psyche
  4183 | D:8      | Gained mutation: Your system is resistant to poisons.
                  | (rPois) [potion of mutation]
  4281 | D:8      | Found a shimmering altar of Xom.
  4342 | D:8      | Reached skill level 11 in Axes
  4609 | D:9      | Noticed Maggie
  4622 | D:9      | Killed Maggie
  4838 | D:9      | Found a shattered altar of Ashenzari.
  4839 | D:9      | Found a sacrificial altar of Ru.
  4845 | D:9      | Found a white marble altar of Elyvilon.
  4847 | D:9      | Found a shadowy altar of Dithmenos.
  4850 | D:9      | Found a burning altar of Makhleb.
  4855 | D:9      | Became a worshipper of Makhleb the Destroyer
  4982 | D:9      | Noticed Joseph
  4999 | D:9      | Killed Joseph
  4999 | D:9      | Reached skill level 1 in Invocations
  5170 | D:9      | Found a glowing silver altar of Zin.
  5172 | D:9      | Found Zin's Purification Station.
  5203 | D:9      | Reached XP level 11. HP: 43/100 MP: 0/7
  5302 | D:9      | Reached * piety under Makhleb
  5492 | D:10     | Entered Level 10 of the Dungeon
  5693 | D:10     | Paralysed by a hornet for 2 turns
  5906 | D:10     | Killed an unseen horror
  6031 | D:10     | Reached skill level 12 in Axes
  6040 | D:10     | Reached ** piety under Makhleb
  6125 | D:10     | Found a white marble altar of Elyvilon.
  6549 | D:11     | Found a staircase to the Lair.
  6621 | D:11     | Found a staircase to the Orcish Mines.
  6683 | D:11     | Found Hiace's Weapon Shoppe.
  6800 | D:11     | Reached *** piety under Makhleb
  7163 | D:11     | Noticed an obsidian statue
  7201 | D:11     | Noticed a sixfirhy
  7259 | D:12     | Noticed Maurice
  7259 | D:12     | Noticed a deep elf mage
  7269 | D:12     | Killed a deep elf mage
  7290 | D:12     | Killed Maurice
  7367 | D:12     | Reached skill level 5 in Invocations
  7392 | D:12     | Reached skill level 10 in Shields
  7578 | D:12     | Reached skill level 13 in Axes
  7584 | D:12     | Reached **** piety under Makhleb
  7628 | D:12     | Reached XP level 12. HP: 98/112 MP: 1/10
  7787 | D:12     | Reached skill level 10 in Armour
  8152 | D:13     | Found a portal to a secret trove of treasure.
  8201 | D:13     | Noticed a two-headed ogre
  8209 | D:13     | Killed a two-headed ogre
  8235 | D:13     | Noticed a two-headed ogre
  8300 | D:13     | Noticed a two-headed ogre
  8301 | D:13     | Noticed an eight-headed hydra
  8324 | D:13     | Killed an eight-headed hydra
  8324 | D:13     | Killed a two-headed ogre
  8362 | D:13     | Killed a two-headed ogre
  8415 | D:13     | Found a gate to the Vaults.
  8415 | D:13     | Noticed an ironheart preserver
  8432 | D:13     | Killed an ironheart preserver
  8578 | D:13     | Found a glowing golden altar of the Shining One.
  8885 | D:14     | Found a sacrificial altar of Ru.
  8911 | D:14     | Noticed a two-headed ogre
  8923 | D:14     | Killed a two-headed ogre
  8923 | D:14     | Reached skill level 14 in Axes
  9100 | D:14     | Noticed a centaur warrior
  9116 | D:14     | Killed a centaur warrior
  9206 | D:14     | Found a basalt altar of Yredelemnul.
  9242 | D:14     | Noticed a centaur warrior
  9244 | D:14     | Noticed a two-headed ogre
  9259 | D:14     | Killed a centaur warrior
  9260 | D:14     | Killed a two-headed ogre
  9260 | D:14     | Reached XP level 13. HP: 99/121 MP: 2/13
  9368 | D:14     | Reached ***** piety under Makhleb
  9393 | D:14     | Found a frozen archway.
  9407 | IceCv    | Entered an ice cave
  9808 | IceCv    | Reached skill level 15 in Axes
  9857 | IceCv    | Noticed a frost giant
  9891 | IceCv    | HP: 6/123 [frost giant/bolt of cold (4)]
  9892 | IceCv    | Killed a frost giant
  9929 | IceCv    | Identified Sif Muna's Catalogue of the Lion
 10061 | D:15     | Entered Level 15 of the Dungeon
 10192 | D:15     | Reached skill level 10 in Fighting
 10236 | D:15     | Found a gate leading to a gauntlet.
 10262 | Gauntlet | Entered a Gauntlet
 10262 | Gauntlet | Found a transporter.
 10262 | Gauntlet | Found a transporter.
 10264 | Gauntlet | Found a transporter.
 10267 | Gauntlet | Found a transporter.
 10267 | Gauntlet | Found a transporter.
 10269 | Gauntlet | Found a transporter.
 10269 | Gauntlet | Found a large runed translucent door.
 10270 | Gauntlet | Found a large runed translucent door.
 10271 | Gauntlet | Found a large runed translucent door.
 10271 | Gauntlet | Found a large runed translucent door.
 10271 | Gauntlet | Found a runed translucent door.
 10272 | Gauntlet | Found a large runed translucent door.
 10273 | Gauntlet | Found a large runed translucent door.
 10274 | Gauntlet | Found a large runed translucent door.
 10274 | Gauntlet | Found a large runed translucent door.
 10275 | Gauntlet | Found a runed translucent gate.
 10279 | Gauntlet | Found a transporter.
 10281 | Gauntlet | Found a transporter.
 10291 | Gauntlet | Found a transporter.
 10385 | Gauntlet | Found a large runed translucent door.
 10386 | Gauntlet | Found a large runed translucent door.
 10387 | Gauntlet | Found a large runed translucent door.
 10387 | Gauntlet | Found a large runed translucent door.
 10387 | Gauntlet | Found a runed translucent door.
 10388 | Gauntlet | Found a large runed translucent door.
 10389 | Gauntlet | Found a large runed translucent door.
 10390 | Gauntlet | Found a large runed translucent door.
 10390 | Gauntlet | Found a large runed translucent door.
 10391 | Gauntlet | Found a runed translucent gate.
 10391 | Gauntlet | Found a runed translucent gate.
 10393 | Gauntlet | Found a transporter.
 10397 | Gauntlet | Found a transporter.
 10411 | Gauntlet | Found a transporter.
 10572 | Gauntlet | Got a steaming silver ring
 10578 | Gauntlet | Noticed a minotaur
 10609 | Gauntlet | Killed a minotaur
 10624 | Gauntlet | Got a sapphire war axe
 10625 | Gauntlet | Identified the +5 war axe "Lellist" {pain, +Blink MR+ Str-3
                  | SInv} (You found it in a Gauntlet)
 10638 | D:15     | Identified the cursed ring "Aradehar" {rC++ rN+ MP+9 AC-6
                  | Dex-3} (You found it in a Gauntlet)
 10719 | D:15     | Gained mutation: You resist negative energy. (rN+) [Deep
                  | Dwarf growth]
 10719 | D:15     | Reached XP level 14. HP: 116/132 MP: 4/13
 10736 | D:15     | Reached skill level 10 in Invocations
 11320 | D:15     | Found a staircase to the Depths.
 11328 | D:15     | Reached skill level 16 in Axes
 11511 | Lair:1   | Entered Level 1 of the Lair of Beasts
 11811 | Lair:1   | Reached ****** piety under Makhleb
 12361 | Lair:2   | Identified a scroll of acquirement
 12997 | Lair:3   | Found a transporter.
 13059 | Lair:3   | Found a staircase to the Shoals.
 13472 | Lair:3   | Identified the +3 demon trident "Wojuk" {freeze, *Corrode
                  | rPois rN+ Stlth+}
 13473 | Lair:3   | Identified the +6 spear of Doom {elec, SInv}
 13473 | Lair:3   | Noticed Feuff's ghost (journeyman MiFi)
 13515 | Lair:3   | Found a transporter.
 13516 | Lair:3   | Found a bloodstained altar of Trog.
 13827 | Lair:4   | Found a staircase to the Snake Pit.
 13854 | Snake:1  | Entered Level 1 of the Snake Pit
 14033 | Snake:1  | Reached XP level 15. HP: 92/140 MP: 11/11
 14184 | Snake:2  | Reached skill level 17 in Axes
 14275 | Snake:2  | Noticed a nagaraja
 14276 | Snake:2  | Noticed Flugslaktarn's ghost (adept FoFi)
 14333 | Snake:2  | Slain by a naga warrior

Levels and vault maps discovered:
D:1:      ldierk_walled_garden, layout_basic, roderic_lattice_a, minmay_bisected
D:2:      layout_basic, nicolae_overflow_hidden_temple,
          lemuel_coloured_pillars_altar, nemelex_spade_bored_becter
D:3:      layout_loops_ring, yredelemnul_altar_generic
D:4:      cheibrodos_helix_gallery, layout_basic, tso_oasis_becter,
          kennysheep_little_box, minmay_ruptured
D:5:      layout_loops_ring, nicolae_overflow_crystal_walls, first_ration,
          minmay_mini_ossuary
D:6:      layout_loops_corners, dancing_weapons_uskayaw,
          minmay_temple_entry_fiery, nicolae_ashenzari_panopticon
D:7:      layout_cave_pools, nicolae_qazlal_eye_of_the_storm, uniq_duvessa,
          uniq_harold
D:8:      layout_loops_ring, xom_butterflies, grunt_ogre_cave,
          uniq_prince_ribbit1, uniq_psyche
D:9:      layout_loops_corners, zin_purify, minitemple, uniq_maggie, uniq_joseph
D:10:     layout_stronghold, roderic_batcave, minmay_misc_feat_columns,
          elyvilon_altar_3
D:11:     layout_long_grid, erik_lair_orcish_takeover, david_orc_3,
          serial_shops, shop, minmay_protected_statue
D:12:     layout_small_grid, uniq_maurice
D:13:     layout_basic, skrybe_vaults_entry_preservation,
          nicolae_trove_entry_diagonal, basic_altar
D:14:     layout_roguey, basic_altar, nicolae_ru_path_of_blood,
          portal_ice_cave_rime
D:15:     grunt_enter_depths_snipers, layout_basic, serial_glass,
          glass_columns_b, glass_columns_a, glass_columns_b, glass_columns_a,
          glass_columns_b, glass_columns_a, glass_columns_b, glass_columns_b,
          glass_columns_a, glass_columns_a, dk_noncrumbling_3,
          gauntlet_entry_generic
Temple:   corrupted_temple
Lair:1:   kb_forest_paths, layout_gridlike, serial_bayou_crossing,
          infiniplex_staircase_pool_2
Lair:2:   layout_cave_pods, chequers_serial_rivers_room_a
Lair:3:   layout_cave_pods, elwin_shoals_entry_stream,
          gammafunk_ghost_wrathful_warriors, serial_bayou_pond_e
Lair:4:   layout_cave_pods, dummy_snake_entry, guppyfry_lair_drakes,
          minmay_lair_oklob_chamber
Snake:1:  layout_layer_cave, serial_bayou_lagoon_a, grunt_megastairs_3,
          serial_bayou_shore_b, uniq_aizul, uniq_roxanne
Snake:2:  layout_gridlike, gammafunk_ghost_arena

Skill      XL: |  1  2  3  4  5  6  7  8  9 10 11 12 13 14 15 |
---------------+----------------------------------------------+-----
Axes           | 3 4 5 6 8 10 11 13 14 15 16 17 | 17.1
Fighting       | 3 4 5 6 7 8 9 10 11 | 11.1
Armour         | 4 5 6 7 9 10 11 12 | 12.9
Shields        | 4 5 6 7 9 10 11 12 13 | 13.0
Invocations    | 1 5 8 9 11 | 11.9

Action                   |  1- 3 |  4- 6 |  7- 9 | 10-12 | 13-15 || total
-------------------------+-------+-------+-------+-------+-------++-------
Melee: War axe           |    88 |   151 |    19 |       |     7 ||   265
       Hand axe          |       |       |   217 |   775 |   684 ||  1676
       Broad axe         |       |       |       |       |   279 ||   279
Invok: Lesser Servant of |       |       |       |     2 |    10 ||    12
 Abil: Heal Wounds       |     3 |     3 |    12 |    16 |    35 ||    69
Evoke: Wand              |       |       |       |     5 |     1 ||     6
  Use: Scroll            |       |       |       |    23 |     5 ||    28
       Potion            |       |       |       |     1 |     1 ||     2
  Eat: Chunk             |       |     3 |     7 |    23 |    16 ||    49
Armor: Scale mail        |    58 |   102 |       |       |       ||   160
       Plate armour      |       |     2 |    97 |   163 |       ||   262
       Chain mail        |       |       |       |   137 |   522 ||   659
Dodge: Dodged            |    39 |    42 |    35 |   117 |   289 ||   522
Block: Kite shield       |    53 |    91 |   127 |   319 |   679 ||  1269

Table legend:
 A = Non-vault XP
 B = Vault XP
 C = Vault XP percentage of total XP
 D = Non-vault monster count
 E = Vault monster count
 F = Vault count percentage of total count
                 A         B        C        D         E       F
            +---------+---------+-------+---------+---------+-------
      Total |   81698 |   34581 |  29.7 |     444 |     140 |  24.0
            +---------+---------+-------+---------+---------+-------
        D:1 |      21 |       0 |   0.0 |      11 |       0 |   0.0
        D:2 |       1 |       0 |   0.0 |       1 |       0 |   0.0
        D:3 |      25 |       0 |   0.0 |       6 |       0 |   0.0
        D:4 |     237 |      51 |  17.7 |      16 |       5 |  23.8
        D:5 |     451 |      22 |   4.7 |      14 |       5 |  26.3
        D:6 |     770 |       0 |   0.0 |      17 |       0 |   0.0
        D:7 |    1947 |    1221 |  38.5 |      38 |       3 |   7.3
        D:8 |    2763 |     832 |  23.1 |      29 |       3 |   9.4
        D:9 |    2325 |     873 |  27.3 |      45 |       2 |   4.3
       D:10 |    2479 |       9 |   0.4 |      23 |       6 |  20.7
       D:11 |    2013 |     976 |  32.7 |      26 |      17 |  39.5
       D:12 |    4911 |     449 |   8.4 |      36 |       1 |   2.7
       D:13 |    4630 |    4016 |  46.4 |      18 |       9 |  33.3
       D:14 |    8948 |     754 |   7.8 |      25 |       2 |   7.4
       D:15 |   16544 |    2466 |  13.0 |      46 |       3 |   6.1
     Lair:1 |    1020 |    2987 |  74.5 |       8 |      13 |  61.9
     Lair:2 |    4882 |       0 |   0.0 |      23 |       0 |   0.0
     Lair:3 |    3130 |    1223 |  28.1 |      12 |       4 |  25.0
     Lair:4 |     915 |       0 |   0.0 |       3 |       0 |   0.0
    Snake:1 |   14643 |     971 |   6.2 |      27 |       2 |   6.9
    Snake:2 |    9043 |       0 |   0.0 |      20 |       0 |   0.0
      IceCv |       0 |   14151 | 100.0 |       0 |      54 | 100.0
   Gauntlet |       0 |    3580 | 100.0 |       0 |      11 | 100.0
            +---------+---------+-------+---------+---------+-------
